 Dungeon Crawl Stone Soup version 0.26-a0-800-g517d6fe721 (console) character file.

Game seed: 14089965962914487120

326676 om the Impregnable (level 20, -2/180 HPs)
             Began as a Minotaur Fighter on Nov 10, 2020.
             Was the Champion of Nemelex Xobeh.
             Killed from afar by a wretched star (12 damage)
             ... with a lance of force
             ... on level 3 of the Abyss on Nov 11, 2020.
             The game lasted 02:16:16 (48944 turns).

om the Impregnable (Minotaur Fighter)              Turns: 48944, Time: 02:16:16

Health: -2/180     AC: 41    Str: 33    XL:     20   Next: 76%
Magic:  37/37      EV: 25    Int:  1    God:    Nemelex Xobeh [******]
Gold:   2244       SH: 22    Dex: 19    Spells: 19/19 levels left

rFire    + + .     SeeInvis +   a - +6 mace {vamp, rElec rPois MR- Str+9}
rCold    + + +     Faith    .   Y - +2 shield of Resistance {rF++ rC++ MR++}
rNeg     + . .     Spirit   .   q - +27 Lear's hauberk
rPois    +         Reflect  +   (helmet currently unavailable)
rElec    +         Harm     .   c - +1 cloak "Quzyizoi" {Dex+3}
rCorr    .         Rampage  .   (gloves currently unavailable)
MR       ++...                  (boots currently unavailable)
Stlth    ..........             O - amulet of the Tired Mouths {Reflect rPois MP+9 SH+5}
HPRegen  0.00/turn              y - +6 ring of dexterity
MPRegen  0.25/turn              Z - ring "Vaoran" {rC+ rN+ Str-2 SInv Stlth+}

@: non-regenerating, mildly diseased
A: retaliatory headbutt, horns 2, [blurry vision 2], [clumsy 2], [deformed
body], [deterioration 2], [dopey 2], [screaming 2], [inhibited regeneration],
[subdued magic 2]
}: 2/15 runes: decaying, barnacled
a: Draw Escape, Draw Destruction, Draw Summoning, Draw Stack, Triple Draw, Deal
Four, Stack Five, Renounce Religion


You were on level 3 of the Abyss.
You worshipped Nemelex Xobeh.
Nemelex Xobeh was exalted by your worship.
You visited 8 branches of the dungeon, and saw 38 of its levels.
You visited the Abyss 1 time.
You also visited: Ice Cave.

You collected 4860 gold pieces.
You spent 2616 gold pieces at shops.

Inventory:

Hand Weapons
 a - the +6 mace "Etyju" (weapon) {vamp, rElec rPois MR- Str+9}
   (You found it on level 7 of the Dungeon)

   It inflicts no extra harm, but heals its wielder when it wounds a living foe.
   It affects your strength (+9).
   It insulates you from electricity.
   It protects you from poison.
   It affects your resistance to hostile enchantments.
 b - the +5 hunting sling "Ceycuuwu" {freeze, Int+5}
   (You found it on level 4 of the Lair of Beasts)

   It causes projectiles fired from it to freeze those they strike, causing
   extra injury to most foes and up to half again as much damage against
   particularly susceptible opponents.
   They can also slow down cold-blooded creatures.
   It affects your intelligence (+5).
 n - a +3 whip of electrocution
 o - a +0 demon trident of pain
Missiles
 R - 849 stones (quivered)
 V - 205 sling bullets
Armour
 c - the +1 cloak "Quzyizoi" (worn) {Dex+3}
   (You found it on level 1 of the Swamp)

   It affects your dexterity (+3).
 q - the +27 Lear's hauberk (worn)
   (You took it off an orc high priest on level 1 of the Orcish Mines)
 Y - the +2 shield of Resistance (worn) {rF++ rC++ MR++}
   (You bought it in a shop on level 5 of the Dungeon)

   It greatly protects you from fire.
   It greatly protects you from cold.
   It affects your resistance to hostile enchantments.
Jewellery
 v - an uncursed ring of see invisible
 y - a +6 ring of dexterity (left hand)
 z - an uncursed amulet of magic regeneration
 B - the amulet of Gozag's Fury {rElec Regen+}
   (You found it on level 7 of the Dungeon)

   [amulet of regeneration]

   It insulates you from electricity.
   It increases your rate of regeneration.
 D - an uncursed amulet of the acrobat
 J - an uncursed amulet of guardian spirit
 O - the amulet of the Tired Mouths (around neck) {Reflect rPois MP+9 SH+5}
   (You found it on level 12 of the Dungeon)

   [amulet of reflection]

   It shields you and reflects attacks.
   It protects you from poison.
   It affects your magic capacity (+9).
   It affects your SH (+5).
 P - an uncursed ring of protection from magic
 Z - the ring "Vaoran" (right hand) {rC+ rN+ Str-2 SInv Stlth+}
   (You found it on level 1 of the Swamp)

   [ring of stealth]

   It affects your strength (-2).
   It protects you from cold.
   It protects you from negative energy.
   It lets you see invisible.
   It makes you more stealthy.
Wands
 g - a wand of acid (11)
 k - a wand of enslavement (24)
 s - a wand of iceblast (29)
 u - a wand of paralysis (62)
 F - a wand of polymorph (27)
 L - a wand of disintegration (38)
 N - a wand of random effects (38)
 S - a wand of flame (47)
Scrolls
 e - 11 scrolls of teleportation
 f - 8 scrolls of enchant armour
 i - 5 scrolls of magic mapping
 j - 9 scrolls of remove curse
 l - 4 scrolls of immolation
 p - 5 scrolls of enchant weapon
 r - a scroll of silence
 w - 6 scrolls of fear
 G - 4 scrolls of identify
 H - 3 scrolls of brand weapon
 I - 5 scrolls of fog
 M - a scroll of torment
 Q - a scroll of holy word
 T - 3 scrolls of amnesia
 U - a scroll of summoning
Potions
 d - 3 potions of might
 h - 17 potions of curing
 m - 7 potions of lignification
 t - 2 potions of flight
 x - 2 potions of invisibility
 A - 2 potions of haste
 C - 2 potions of ambrosia
 E - 6 potions of berserk rage
 K - 3 potions of resistance
 W - 3 potions of cancellation
Miscellaneous
 X - a tin of tremorstones (2/2)


   Skills:
 - Level 16.0 Fighting
   Level 5.7(10.8) Axes
 - Level 13.5(14.0) Maces & Flails
 - Level 2.8(4.6) Polearms
 - Level 12.0 Slings
 + Level 21.2 Armour
 - Level 20.3 Dodging
 - Level 12.0 Shields
 - Level 12.0 Invocations
 - Level 8.0 Evocations


You had 19 spell levels left.
You didn't know any spells.
Your spell library contained the following spells:

 Spells                   Type           Power        Failure   Level
 Animate Skeleton         Necr           #.....       90%         1
 Apportation              Tloc           #.....       90%         1
 Corona                   Hex            #......      90%         1
 Magic Dart               Conj           #...         90%         1
 Sandblast                Erth           #.....       90%         1
 Summon Small Mammal      Summ           #...         90%         1
 Call Imp                 Summ           #.......     97%         2
 Passwall                 Tmut/Erth      #.......     97%         2
 Searing Ray              Conj           #.....       97%         2
 Slow                     Hex            #.......     97%         2
 Call Canine Familiar     Summ           #.......     99%         3
 Confusing Touch          Hex            #.......     99%         3
 Dazzling Flash           Conj/Hex       #.....       99%         3
 Gell's Gravitas          Tloc           #.........   99%         3
 Ignite Poison            Fire/Tmut/Pois #.......     99%         3
 Inner Flame              Hex/Fire       #.......     99%         3
 Lesser Beckoning         Tloc           #.........   99%         3
 Portal Projectile        Hex/Tloc       #.....       99%         3
 Stone Arrow              Conj/Erth      #.....       99%         3
 Summon Guardian Golem    Hex/Summ       #.......     99%         3
 Tukima's Dance           Hex            #.......     99%         3
 Cause Fear               Hex            #.........   100%        4
 Fulminant Prism          Conj/Hex       #.........   100%        4
 Ice Form                 Ice/Tmut       #.......     100%        4
 Iskenderun's Mystic Bla  Conj/Tloc      #.......     100%        4
 Leda's Liquefaction      Hex/Erth       #.........   100%        4
 Petrify                  Tmut/Erth      #.......     100%        4
 Summon Ice Beast         Ice/Summ       #.......     100%        4
 Summon Lightning Spire   Summ/Air       #.......     100%        4
 Alistair's Intoxication  Tmut/Pois      #........    100%        5
 Blade Hands              Tmut           #.........   100%        5
 Bolt of Magma            Conj/Fire/Erth #.........   100%        5
 Iskenderun's Battlesphe  Conj           #.......     100%        5
 Lee's Rapid Deconstruct  Erth           #.........   100%        5
 Metabolic Englaciation   Hex/Ice        #.........   100%        5
 Summon Demon             Summ           #.........   100%        5
 Summon Forest            Summ/Tloc      #.........   100%        5
 Summon Mana Viper        Hex/Summ       #.......     100%        5
 Yara's Violent Unravell  Hex/Tmut       #.........   100%        5
 Invisibility             Hex            #.......     100%        6
 Iron Shot                Conj/Erth      #.........   100%        6
 Shadow Creatures         Summ           N/A          100%        6
 Statue Form              Tmut/Erth      #........    100%        6
 Orb of Destruction       Conj           #.........   100%        7
 Spellforged Servitor     Conj/Summ      #.........   100%        7
 Summon Hydra             Summ           #.........   100%        7


Dungeon Overview and Level Annotations

Branches:
Dungeon (15/15)            Temple (0/1) D:5            Lair (6/6) D:10
  Swamp (4/4) Lair:4       Shoals (4/4) Lair:4        Slime (0/5) Lair:6
    Orc (2/2) D:10            Elf (1/3) Orc:2        Vaults (5/5) D:14
  Crypt (0/3) Vaults:3     Depths (1/5) D:15          IceCv (visited)

Altars:
Cheibriados
Dithmenos
Hepliaklqana
Kikubaaqudgha
Nemelex Xobeh
Ru
Uskayaw
Wu Jian
Xom
The Shining One
Beogh
Jiyva

Shops:
D:5 [   D:6 *   D:10 [   Orc:2 [(==


Innate Abilities, Weirdness & Mutations

You reflexively headbutt those who attack you in melee.
You have a pair of horns on your head.
[Scrolls take you longer to read.]
[You are very clumsy. (Dex -4)]
[Armour fits poorly on your strangely shaped body.]
[Your body often deteriorates upon taking damage.]
[You are very dopey. (Int -4)]
[You sometimes yell uncontrollably at your foes.]
[You do not regenerate when monsters are visible.]
[Your spells are easier to cast, but less powerful.]


Message History

The sun demon shouts!
A chorus of shrieks assaults your mind.
* * * LOW HITPOINT WARNING * * *
You block the large abomination's attack.
You block the raiju's attack.
The wretched star glows turbulently.
The lance of force reflects off an invisible shield around you!
The lance of force hits the wretched star!
The wretched star is knocked back by the lance of force.
You begin reading the scroll.
You continue reading the scroll.
The balrug is no longer moving slowly.
The balrug gestures at you. The bolt of fire misses you.
A chorus of shrieks assaults your mind.
* * * LOW HITPOINT WARNING * * *
You block the raiju's attack.
The wretched star glows turbulently.
The lance of force hits you!
You die...
Your body glows with a rainbow of weird colours and disappears.

.#. . #. .. #
.†§. ... .# §
.§§ #.. .....
. #.
.#.#§§.#.#
....X #..#. #
§ #..3.#∩∩..#
#. ...§..)
#..#∩..... .
.# .#
.§#..#..5∩∩...
#. . ..†.
.§.###235.....
. ......
.###XX.h.....#
.X. #X ..#X*@#
# .#.#
§#.XX*## ###
##.....÷#.4§#
#.......§# # .
.#..###.. ..
##...# #.!...
..X. # .#.##.#
.#### . .. #.
...


You could see 4 starcursed masses, a balrug, 2 wretched stars, 2 sun demons, 2
large abominations, a raiju, a chaos spawn (poisoned, slow), an iron imp (slow)
and a crimson imp (slow, misshapen).

Vanquished Creatures
  Boris (Vaults:4)
  Sojobo (Vaults:4)
  A lich (Vaults:3)
  A Hell Sentinel (Abyss:3)
  A titan (Vaults:3)
  The ghost of dirtchan the Carver, an adept DsAK of Lugonu (Shoals:3)
  2 krakens
  A tentacled starspawn (Abyss:3)
  2 thorn hunters
  2 sphinxes
  2 storm dragons (Vaults:3)
  Roxanne (D:15)
  2 fenstrider witches (Swamp:3)
  2 tengu reavers
  Donald (Shoals:3)
  A frost giant (IceCv)
  16 vault wardens
  An orc warlord (Orc:2)
  4 fire giants
  Louise (D:14)
  7 stone giants
  10 ironheart preservers
  3 very ugly things
  A war gargoyle (Vaults:3)
  5 bunyips
  Snorg (D:14)
  A deep elf death mage (Vaults:3)
  6 eleionomae
  2 ettins (Vaults:3)
  4 great orbs of eyes
  A fire dragon (Lair:6)
  3 merfolk javelineers
  Josephine (Shoals:1)
  6 yaktaur captains
  5 merfolk impalers
  5 ogre magi
  4 ice dragons
  2 shambling mangroves
  25 hydras
  2 rakshasas
  3 ghost crabs
  2 catoblepae
  A boulder beetle (D:14)
  7 vault guards
  8 alligators
  3 merfolk aquamancers
  4 merfolk avatars
  2 death knights
  9 centaur warriors
  A dancing weapon (Elf:1)
  19 two-headed ogres
  8 death yaks
  Sonja (D:13)
  2 thrashing horrors (Abyss:3)
  8 goliath frogs
  8 deep elf knights
  2 orc high priests
  Urug (Lair:4)
  3 skeletal warriors
  2 shadow wraiths
  A death drake (Abyss:3)
  7 unseen horrors
  6 spriggan druids
  3 flayed ghosts
  4 glowing orange brains
  12 sea snakes
  16 ironbrand convokers
  A lindwurm (Lair:6)
  7 swamp dragons
  An orange crystal statue (Swamp:1)
  4 wizards
  4 deep elf archers
  5 bog bodies
  13 orc knights
  A harpy (shapeshifter) (Vaults:4)
  10 harpies
  7 deep trolls
  A phantasmal warrior (Vaults:3)
  4 orc sorcerers
  11 deep elf magi
  11 cyclopes
  A salamander (shapeshifter) (Vaults:3)
  4 necromancers
  An oklob plant (Lair:4)
  5 wolf spiders
  9 manticores
  5 will-o-the-wisps
  A worldbinder (Abyss:3)
  34 ugly things
  Maurice (D:8)
  5 elephants (Lair:6)
  3 black mambas
  6 merfolk sirens
  A spectral sea snake (Shoals:3)
  8 vault sentinels
  A smoke demon (Abyss:3)
  12 cane toads
  3 water nymphs
  A gargoyle (D:14)
  7 torpor snails
  A hellion (Abyss:3)
  3 rime drakes
  A rime drake (shapeshifter) (Vaults:1)
  30 yaktaurs
  A yaktaur zombie (Vaults:4)
  A komodo dragon (shapeshifter) (Vaults:4)
  13 komodo dragons
  2 spectral harpies (Shoals:3)
  4 spectral merfolk (Shoals:3)
  A polar bear (shapeshifter) (Vaults:4)
  An ancient zyme (Abyss:3)
  10 freezing wraiths
  8 trolls
  2 tengu conjurers (D:14)
  18 merfolk
  7 tyrant leeches
  3 meliai (D:15)
  18 polar bears
  12 wind drakes
  16 raiju (Abyss:3)
  11 blink frogs
  23 hornets
  16 slime creatures
  A spectral manticore (Shoals:3)
  8 snapping turtles
  3 dream sheep
  A snapping turtle (shapeshifter) (Vaults:1)
  A centaur simulacrum (D:15)
  10 spriggans
  8 wraiths
  An ettin skeleton (Vaults:2)
  16 water elementals
  A vampire (D:10)
  A redback (Orc:1)
  A spriggan (shapeshifter) (D:14)
  An air elemental (Abyss:3)
  9 wyverns
  7 shadows
  45 yaks
  A tarantella (shapeshifter) (Vaults:4)
  6 basilisks
  A human (shapeshifter) (Vaults:1)
  2 humans (D:14)
  A golden eye (Swamp:1)
  4 steam dragons
  A chaos spawn (Abyss:3)
  13 vampire mosquitoes
  3 wargs
  20 swamp worms
  A large abomination (Abyss:3)
  A harpy simulacrum (D:15)
  13 water moccasins
  3 acid dragons
  2 black bears (shapeshifter)
  An elf zombie (Vaults:4)
  An ettin simulacrum (Vaults:4)
  An eye of draining (shapeshifter) (Vaults:3)
  40 orc warriors
  4 sky beasts
  A black bear (D:10)
  4 eyes of draining
  4 ice beasts
  19 swamp drakes
  29 ogres
  A necrophage (D:8)
  2 tengu
  2 boggarts
  2 human skeletons (Vaults:4)
  17 centaurs
  18 wolves
  3 big kobolds
  15 bullfrogs
  2 gnoll sergeants (D:11)
  2 wyvern zombies
  A scorpion (Orc:2)
  2 small abominations (Abyss:3)
  17 wights
  A killer bee (Orc:2)
  A human simulacrum (Vaults:1)
  A spectral centaur (Shoals:3)
  An electric eel (Lair:6)
  5 howler monkeys
  4 centaur zombies
  2 bullfrog zombies
  A quasit (D:13)
  6 starcursed masses (Abyss:3)
  3 jellies
  17 orc priests
  3 hounds (D:10)
  A jelly (shapeshifter) (Vaults:1)
  8 centaur skeletons
  22 orc wizards
  A cyclops simulacrum (Shoals:3)
  11 iguanas
  9 worker ants
  Robin (D:2)
  A worker ant zombie (D:4)
  7 adders
  19 gnolls
  A shadow imp (D:8)
  15 white imps
  An ufetubus (D:8)
  2 oozes
  2 adder skeletons
  4 worms
  4 dart slugs
  8 leopard geckos
  101 orcs
  A ball python (D:8)
  7 giant cockroaches
  53 goblins
  27 hobgoblins
  15 jackals
  14 kobolds
  5 quokkas
  5 bats
  4 frilled lizards
  A giant cockroach zombie (D:6)
  2 goblin skeletons (D:8)
  A goblin zombie (D:8)
  4 hobgoblin zombies (D:8)
  A kobold skeleton (D:8)
  3 kobold zombies (D:8)
  2 orc skeletons
  3 quokka skeletons
  A quokka zombie (D:8)
  3 rats
  3 tentacles
1463 creatures vanquished.

Vanquished Creatures (collateral kills)
  A dire elephant (Orc:2)
  A merfolk javelineer (Shoals:4)
  A deep elf death mage (Vaults:3)
  A merfolk impaler (Shoals:4)
  A merfolk avatar (Shoals:4)
  A two-headed ogre (Vaults:5)
  A shadow wraith (Vaults:4)
  A swamp dragon (Lair:6)
  An orange crystal statue (D:9)
  A cyclops (Shoals:2)
  A manticore (Shoals:4)
  A water nymph (Shoals:2)
  A merfolk (Shoals:4)
  A wind drake (Shoals:4)
  4 dream sheep (Shoals:2)
  A snapping turtle (Shoals:2)
  A yak (Lair:1)
  An acid dragon (Lair:6)
  An ice beast (Orc:2)
  A giant cockroach (Orc:2)
  A kobold (Orc:2)
  A tentacle (Shoals:4)
25 creatures vanquished.

Vanquished Creatures (others)
  A tengu reaver (Vaults:4)
  A fire giant (Vaults:3)
  A deep elf demonologist (Vaults:3)
  A rakshasa (Abyss:3)
  A yaktaur captain (Vaults:3)
  A merfolk aquamancer (Shoals:3)
  A goliath frog (Swamp:1)
  A wizard (Vaults:3)
  A bog body (Swamp:2)
  A will-o-the-wisp (Swamp:1)
  A manticore (Shoals:4)
  A bloated husk (Swamp:1)
  A polar bear (IceCv)
  A merfolk (Shoals:4)
  A hornet (Swamp:3)
  A raiju (Abyss:3)
  A spriggan (Swamp:3)
  2 chaos spawn (Abyss:3)
  A swamp worm (Swamp:4)
  A small abomination (Abyss:3)
  A wolf (IceCv)
  A starcursed mass (Abyss:3)
  A worker ant (Orc:2)
  An orc (Vaults:4)
  A giant cockroach (Orc:2)
  A bush (Lair:4)
  34 foxfires
  19 fungi
  A lurking horror (Abyss:3)
  91 plants
  2 starspawn tentacles (Abyss:3)
  9 tentacles
183 creatures vanquished.

Grand Total: 1671 creatures vanquished

Notes
Turn   | Place    | Note
-------+----------+-------------------------------------------
     0 | D:1      | om the Minotaur Fighter began the quest for the Orb.
     0 | D:1      | Reached XP level 1. HP: 19/19 MP: 0/0
   136 | D:1      | Reached XP level 2. HP: 25/27 MP: 1/1
   555 | D:1      | Reached skill level 4 in Armour
   557 | D:1      | Reached skill level 1 in Dodging
  1062 | D:2      | Reached XP level 3. HP: 22/33 MP: 2/2
  1476 | D:2      | Noticed Robin
  1485 | D:2      | Killed Robin
  1617 | D:2      | Reached XP level 4. HP: 40/40 MP: 3/3
  1997 | D:2      | Found a sparkling altar of Nemelex Xobeh.
  2005 | D:2      | Became a worshipper of Nemelex Xobeh the Trickster
  2211 | D:2      | Reached XP level 5. HP: 19/46 MP: 4/4
  2882 | D:3      | Found a shadowy altar of Dithmenos.
  2900 | D:3      | Reached skill level 5 in Axes
  3126 | D:3      | Reached XP level 6. HP: 46/52 MP: 5/5
  3850 | D:4      | Found a shimmering altar of Xom.
  3852 | D:4      | Reached * piety under Nemelex Xobeh
  3995 | D:4      | Found an ancient bone altar of Kikubaaqudgha.
  4074 | D:4      | Reached XP level 7. HP: 59/59 MP: 6/6
  4104 | D:4      | Reached skill level 5 in Maces & Flails
  4462 | D:4      | Received a gift from Nemelex Xobeh
  5160 | D:4      | Reached skill level 1 in Invocations
  5515 | D:5      | Entered Level 5 of the Dungeon
  5529 | D:5      | Received a gift from Nemelex Xobeh
  5556 | D:5      | Reached ** piety under Nemelex Xobeh
  5603 | D:5      | Reached XP level 8. HP: 60/66 MP: 8/8
  5750 | D:5      | Found Xychupn's Antique Armour Shoppe.
  6420 | D:5      | Found a staircase to the Ecumenical Temple.
  6919 | D:6      | Found Atroes's Assorted Antiques.
  6950 | D:6      | Got a jewelled plate armour
  6967 | D:6      | Identified the +6 plate armour of Fortitude {Rampage} (You
                  | found it on level 6 of the Dungeon)
  7405 | D:6      | Reached *** piety under Nemelex Xobeh
  7409 | D:6      | Reached skill level 5 in Invocations
  7721 | D:7      | Got a translucent copper amulet
  7752 | D:7      | Reached XP level 9. HP: 60/71 MP: 12/12
  7802 | D:7      | Identified the amulet of Gozag's Fury {rElec Regen+} (You
                  | found it on level 7 of the Dungeon)
  7838 | D:7      | Got a pitted mace
  7839 | D:7      | Identified the +6 mace "Etyju" {vamp, rElec rPois MR-
                  | Str+9} (You found it on level 7 of the Dungeon)
  8452 | D:7      | Received a gift from Nemelex Xobeh
  8828 | D:8      | Found a glowing golden altar of the Shining One.
  8877 | D:8      | Noticed Maurice
  9127 | D:8      | Killed Maurice
  9127 | D:8      | Reached skill level 5 in Fighting
  9316 | D:8      | Found a sacrificial altar of Ru.
  9357 | D:8      | Found a hide-covered altar of Uskayaw.
  9365 | D:8      | Reached skill level 10 in Maces & Flails
  9523 | D:8      | Reached skill level 5 in Armour
  9538 | D:8      | Reached skill level 5 in Shields
  9785 | D:8      | Received a gift from Nemelex Xobeh
  9887 | D:8      | Reached **** piety under Nemelex Xobeh
 10060 | D:9      | Noticed a two-headed ogre
 10068 | D:9      | Killed a two-headed ogre
 10068 | D:9      | Reached skill level 5 in Dodging
 10068 | D:9      | Reached XP level 10. HP: 84/84 MP: 13/13
 10119 | D:9      | Found an ornate altar of the Wu Jian Council.
 10328 | D:9      | Noticed a two-headed ogre
 10330 | D:9      | Noticed an orange crystal statue
 10341 | D:9      | Killed a two-headed ogre
 10516 | D:9      | Reached skill level 6 in Armour
 10661 | D:9      | Received a gift from Nemelex Xobeh
 10735 | D:9      | Found a hazy altar of Hepliaklqana.
 11059 | D:9      | Killed an orange crystal statue
 11174 | D:10     | Entered Level 10 of the Dungeon
 11529 | D:10     | Found Fuiwear's Armour Shop.
 11529 | D:10     | Found a staircase to the Orcish Mines.
 11554 | D:10     | Bought a +2 pair of gloves for 231 gold pieces
 11786 | D:10     | Found a staircase to the Lair.
 11966 | D:11     | Reached skill level 7 in Armour
 12066 | D:11     | Received a gift from Nemelex Xobeh
 12345 | D:11     | Received a gift from Nemelex Xobeh
 12477 | D:11     | Reached XP level 11. HP: 94/94 MP: 14/14
 12571 | D:11     | Reached ***** piety under Nemelex Xobeh
 12874 | D:12     | Identified the cursed +1 robe of the New World {rC+}
 12882 | D:12     | Received a gift from Nemelex Xobeh
 12959 | D:12     | Got a bound steel amulet
 12960 | D:12     | Identified the amulet of the Tired Mouths {Reflect rPois
                  | MP+9 SH+5} (You found it on level 12 of the Dungeon)
 13241 | D:13     | Reached skill level 8 in Armour
 13474 | Lair:1   | Entered Level 1 of the Lair of Beasts
 13475 | Lair:1   | Noticed an eight-headed hydra
 13484 | Lair:1   | Killed an eight-headed hydra
 13641 | Lair:1   | Noticed a seven-headed hydra
 13649 | Lair:1   | Killed a seven-headed hydra
 13898 | Lair:1   | Received a gift from Nemelex Xobeh
 14082 | Lair:1   | Reached skill level 9 in Armour
 14084 | Lair:1   | Found a snail-covered altar of Cheibriados.
 14560 | Lair:2   | Received a gift from Nemelex Xobeh
 14617 | Lair:2   | Noticed a six-headed hydra
 14629 | Lair:2   | Killed a six-headed hydra
 14629 | Lair:2   | Reached XP level 12. HP: 84/101 MP: 15/15
 14734 | Lair:2   | You fall into a shaft and drop 1 floor!
 14762 | Lair:3   | Noticed a six-headed hydra
 14768 | Lair:3   | Killed a six-headed hydra
 15033 | Lair:2   | Noticed an eight-headed hydra
 15041 | Lair:2   | Killed an eight-headed hydra
 15189 | Lair:2   | Received a gift from Nemelex Xobeh
 15758 | Lair:3   | Received a gift from Nemelex Xobeh
 16121 | Lair:4   | Upgraded the game from 0.26-a0-778-g3fe0686644 to
                  | 0.26-a0-800-g517d6fe721
 16129 | Lair:4   | Found a staircase to the Swamp.
 16129 | Lair:4   | Noticed an eight-headed hydra
 16130 | Lair:4   | Noticed Urug
 16133 | Lair:4   | Reached skill level 10 in Armour
 16133 | Lair:4   | Killed Urug
 16133 | Lair:4   | Killed an eight-headed hydra
 16133 | Lair:4   | Reached skill level 10 in Shields
 16306 | Lair:4   | Got a pair of distressingly furry gloves
 16342 | Lair:4   | Got a crystal hunting sling
 16565 | D:6      | Bought a scroll of identify for 64 gold pieces
 16565 | D:6      | Identified the -5 pair of gloves "Codit" {Str+4 Int-4 Dex+4
                  | Stlth+} (You found it on level 4 of the Lair of Beasts)
 16644 | Orc:1    | Entered Level 1 of the Orcish Mines
 16678 | Orc:1    | Noticed an orc high priest
 16686 | Orc:1    | Killed an orc high priest
 16715 | Orc:1    | Noticed an orc warlord
 16721 | Orc:1    | Reached XP level 13. HP: 55/107 MP: 19/19
 16841 | Orc:1    | an orc warlord changed into a catoblepas
 17002 | Orc:1    | Found a roughly hewn altar of Beogh.
 17097 | Orc:1    | Received a gift from Nemelex Xobeh
 17262 | Orc:2    | Entered Level 2 of the Orcish Mines
 17263 | Orc:2    | Noticed a stone giant
 17271 | Orc:2    | Noticed a dire elephant
 17271 | Orc:2    | a stone giant changed into a dire elephant
 17281 | Orc:2    | Reached skill level 10 in Dodging
 17287 | Orc:2    | Killed a dire elephant
 17513 | Orc:2    | Received a gift from Nemelex Xobeh
 17551 | Orc:2    | Found a roughly hewn altar of Beogh.
 17606 | Orc:2    | Reached skill level 11 in Armour
 17606 | Orc:2    | Reached skill level 10 in Invocations
 17607 | Orc:2    | Noticed an orc warlord
 17679 | Orc:2    | Killed an orc warlord
 17775 | Orc:2    | Found Siam's Antique Weapon Shop.
 17779 | Orc:2    | Found a roughly hewn altar of Beogh.
 17782 | Orc:2    | Found Rargh's Antique Armour Boutique.
 17839 | Orc:2    | Found a roughly hewn altar of Beogh.
 17900 | Orc:2    | Found a staircase to the Elven Halls.
 18012 | Orc:2    | Found a roughly hewn altar of Beogh.
 18158 | Orc:2    | Found a roughly hewn altar of Beogh.
 18185 | Orc:2    | Found Irek's Jewellery Shop.
 18215 | Orc:2    | Found a roughly hewn altar of Beogh.
 18362 | Orc:2    | Found a roughly hewn altar of Beogh.
 18371 | Orc:2    | Found Maodwu's Jewellery Shoppe.
 18865 | Lair:4   | Found a staircase to the Shoals.
 18918 | Lair:4   | Identified the +5 hunting sling "Ceycuuwu" {freeze, Int+5}
                  | (You found it on level 4 of the Lair of Beasts)
 19138 | Lair:4   | Reached ****** piety under Nemelex Xobeh
 19309 | Lair:5   | Reached skill level 1 in Slings
 19370 | Lair:5   | Received a gift from Nemelex Xobeh
 19697 | Lair:5   | You fall into a shaft and drop 1 floor!
 19697 | Lair:6   | Entered Level 6 of the Lair of Beasts
 19858 | Lair:6   | Reached skill level 12 in Armour
 19947 | Lair:6   | Found a runed translucent door.
 20065 | Lair:6   | Reached XP level 14. HP: 115/115 MP: 21/21
 20152 | Lair:6   | Received a gift from Nemelex Xobeh
 20311 | Lair:6   | Found a frozen archway.
 20325 | IceCv    | Entered an ice cave
 20882 | IceCv    | Reached skill level 5 in Slings
 21142 | IceCv    | Noticed a frost giant
 21157 | IceCv    | Reached skill level 13 in Armour
 21165 | IceCv    | Killed a frost giant
 21179 | IceCv    | Identified the Handbook of Moulding
 22597 | D:5      | Bought the +2 shield of Resistance {rF++ rC++ MR++} for
                  | 2141 gold pieces
 22597 | D:5      | Found the +2 shield of Resistance {rF++ rC++ MR++}
 23197 | D:13     | Received a gift from Nemelex Xobeh
 23539 | D:13     | Noticed Sonja
 23549 | D:13     | Killed Sonja
 24392 | Orc:2    | Bought an uncursed ring of see invisible for 180 gold
                  | pieces
 24856 | D:14     | Reached skill level 14 in Armour
 25018 | D:14     | Reached XP level 15. HP: 121/121 MP: 22/22
 25077 | D:14     | Found a gate to the Vaults.
 25192 | D:14     | Noticed Snorg
 25206 | D:14     | Killed Snorg
 25369 | D:14     | Got a faintly glowing lead amulet
 25370 | D:14     | Identified the amulet of Ascent {Inacc rF+ rC+} (You found
                  | it on level 14 of the Dungeon)
 25438 | D:14     | Noticed Louise
 25445 | D:14     | Killed Louise
 25774 | D:15     | Entered Level 15 of the Dungeon
 25882 | D:15     | Reached skill level 15 in Armour
 25929 | D:15     | Received a gift from Nemelex Xobeh
 25952 | D:15     | Identified Roxanne's Compendium of Clay
 25952 | D:15     | Noticed Roxanne
 25957 | D:15     | Killed Roxanne
 26473 | D:15     | Received a gift from Nemelex Xobeh
 26525 | D:15     | Reached skill level 16 in Armour
 26951 | D:15     | Found a staircase to the Depths.
 27063 | D:15     | Found a glowing golden altar of the Shining One.
 27118 | Depths:1 | Entered Level 1 of the Depths
 27579 | Elf:1    | Entered Level 1 of the Elven Halls
 28136 | Lair:6   | Found a viscous altar of Jiyva.
 28137 | Lair:6   | Found a staircase to the Slime Pits.
 28196 | Lair:6   | Reached XP level 16. HP: 102/128 MP: 24/24
 28276 | Lair:6   | Reached skill level 15 in Dodging
 28291 | Lair:6   | Received a gift from Nemelex Xobeh
 29696 | Swamp:1  | Entered Level 1 of the Swamp
 30214 | Swamp:1  | Found a transporter.
 30218 | Swamp:1  | Received a gift from Nemelex Xobeh
 30413 | Swamp:1  | Found a transporter.
 30426 | Swamp:1  | Received a gift from Nemelex Xobeh
 30855 | Swamp:1  | Got a smoking steel ring
 30896 | Swamp:1  | Got a spiked cloak
 30912 | Swamp:1  | Identified the +1 cloak "Quzyizoi" {Dex+3} (You found it on
                  | level 1 of the Swamp)
 30912 | Swamp:1  | Identified the ring "Vaoran" {rC+ rN+ Str-2 SInv Stlth+}
                  | (You found it on level 1 of the Swamp)
 31611 | Swamp:2  | Received a gift from Nemelex Xobeh
 32190 | Swamp:3  | Paralysed by a fenstrider witch for 5 turns
 32197 | Swamp:3  | Noticed a thorn hunter
 32206 | Swamp:3  | Paralysed by a fenstrider witch for 3 turns
 32210 | Swamp:3  | Killed a thorn hunter
 32747 | Swamp:3  | Received a gift from Nemelex Xobeh
 32821 | Swamp:4  | Entered Level 4 of the Swamp
 33117 | Swamp:4  | Noticed a thorn hunter
 33138 | Swamp:4  | Killed a thorn hunter
 33269 | Swamp:4  | Reached XP level 17. HP: 134/134 MP: 25/25
 34201 | Swamp:4  | Got a decaying rune of Zot
 34320 | Shoals:1 | Entered Level 1 of the Shoals
 34368 | Shoals:1 | Noticed Josephine
 34377 | Shoals:1 | Killed Josephine
 34409 | Shoals:1 | Received a gift from Nemelex Xobeh
 34587 | Shoals:1 | Reached skill level 1 in Polearms
 34873 | Shoals:1 | Noticed a kraken
 35202 | Shoals:1 | Killed a kraken
 35648 | Shoals:2 | Received a gift from Nemelex Xobeh
 35713 | Shoals:2 | Reached skill level 1 in Evocations
 36432 | Shoals:2 | Received a gift from Nemelex Xobeh
 36827 | Shoals:3 | Found a runed translucent gate.
 36827 | Shoals:3 | Found a runed translucent gate.
 36827 | Shoals:3 | Found a runed translucent gate.
 36957 | Shoals:3 | Noticed dirtchan's ghost (adept DsAK)
 37438 | Shoals:3 | Received a gift from Nemelex Xobeh
 37658 | Shoals:4 | Entered Level 4 of the Shoals
 37680 | Shoals:4 | Received a gift from Nemelex Xobeh
 37689 | Shoals:4 | Reached skill level 17 in Armour
 38026 | Shoals:4 | Noticed Donald
 38072 | Shoals:3 | Killed Donald
 38072 | Shoals:3 | Reached XP level 18. HP: 37/141 MP: 26/26
 38684 | Shoals:4 | Reached skill level 5 in Evocations
 39286 | Shoals:4 | Got a barnacled rune of Zot
 39440 | Shoals:3 | Killed dirtchan's ghost
 39881 | Vaults:1 | Entered Level 1 of the Vaults
 40002 | Vaults:1 | Reached skill level 18 in Armour
 40559 | Vaults:1 | Received a gift from Nemelex Xobeh
 40806 | Vaults:1 | Received a gift from Nemelex Xobeh
 41896 | Vaults:2 | Reached skill level 19 in Armour
 42026 | Vaults:2 | Reached XP level 19. HP: 147/147 MP: 27/27
 42262 | Vaults:2 | Received a gift from Nemelex Xobeh
 42567 | Vaults:2 | Reached skill level 10 in Slings
 42881 | Vaults:2 | You fall into a shaft and drop 1 floor!
 42896 | Vaults:3 | Received a gift from Nemelex Xobeh
 42940 | Vaults:3 | Reached skill level 20 in Armour
 42999 | Vaults:3 | Found a huge runed gate.
 42999 | Vaults:3 | Found a huge runed gate.
 42999 | Vaults:3 | Found a huge runed gate.
 42999 | Vaults:3 | Found a huge runed gate.
 42999 | Vaults:3 | Found a huge runed gate.
 43000 | Vaults:3 | Found a huge runed gate.
 43000 | Vaults:3 | Found a huge runed gate.
 43000 | Vaults:3 | Found a huge runed gate.
 43000 | Vaults:3 | Found a huge runed gate.
 43000 | Vaults:3 | Found a huge runed gate.
 43001 | Vaults:3 | Found a huge runed gate.
 43002 | Vaults:3 | Found a huge runed gate.
 43003 | Vaults:3 | Found a huge runed gate.
 43004 | Vaults:3 | Found a huge runed gate.
 43005 | Vaults:3 | Found a huge runed gate.
 43013 | Vaults:3 | Found a huge runed gate.
 43013 | Vaults:3 | Found a huge runed gate.
 43013 | Vaults:3 | Found a huge runed gate.
 43013 | Vaults:3 | Found a huge runed gate.
 43013 | Vaults:3 | Found a huge runed gate.
 43013 | Vaults:3 | Found a huge runed gate.
 43014 | Vaults:3 | Found a huge runed gate.
 43015 | Vaults:3 | Found a huge runed gate.
 43025 | Vaults:3 | Found a huge runed gate.
 43046 | Vaults:3 | Identified the -1 trident of Yzyplen {vorpal, +Blink rF+
                  | Dex-5 SInv}
 43047 | Vaults:3 | Noticed a Tzitzimitl
 43080 | Vaults:3 | Noticed a Tzitzimitl
 43648 | Vaults:3 | Found a huge runed gate.
 43648 | Vaults:3 | Found a huge runed gate.
 43649 | Vaults:3 | Found a huge runed gate.
 43693 | Vaults:3 | Found a huge runed gate.
 43701 | Vaults:3 | Found a huge runed gate.
 43701 | Vaults:3 | Found a huge runed gate.
 43701 | Vaults:3 | Found a huge runed gate.
 43701 | Vaults:3 | Found a huge runed gate.
 43701 | Vaults:3 | Found a huge runed gate.
 43701 | Vaults:3 | Found a huge runed gate.
 43701 | Vaults:3 | Found a huge runed gate.
 43702 | Vaults:3 | Found a huge runed gate.
 43757 | Vaults:3 | Received a gift from Nemelex Xobeh
 44071 | Vaults:3 | Reached skill level 10 in Fighting
 44295 | Vaults:3 | Received a gift from Nemelex Xobeh
 44299 | Vaults:3 | Found a staircase to the Crypt.
 44830 | Vaults:3 | Noticed a lich
 45363 | Vaults:3 | Killed a lich
 45930 | Vaults:4 | Reached XP level 20. HP: 171/171 MP: 28/28
 46038 | Vaults:4 | Noticed Boris
 46065 | Vaults:4 | Killed Boris
 46455 | Vaults:4 | Received a gift from Nemelex Xobeh
 46463 | Vaults:4 | Noticed Sojobo
 46491 | Vaults:4 | Killed Sojobo
 46491 | Vaults:4 | Reached skill level 15 in Fighting
 47001 | Vaults:4 | Received a gift from Nemelex Xobeh
 48446 | Vaults:5 | Entered Level 5 of the Vaults
 48457 | Vaults:5 | Cast into level 3 of the Abyss (a deep elf sorcerer)
 48730 | Abyss:3  | Reached skill level 21 in Armour
 48944 | Abyss:3  | Killed from afar by a wretched star

Illustrated notes

Levels and vault maps discovered:
D:1:      lightli_arrival_farm, layout_basic
D:2:      layout_basic, lemuel_coloured_pillars_altar,
          minmay_misc_feat_nine_boxes, serial_bayou_pond_b, uniq_robin
D:3:      minmay_skewed_foursquare, layout_basic,
          nicolae_dithmenos_shadow_blocks
D:4:      minmay_goblin_kobold_castle, layout_layer_cave, xom_redecorated,
          general_overflow_altar, minmay_circle_x
D:5:      layout_basic, minmay_temple_entry_poolview, minmay_shop_grid_forest,
          minmay_ogre_servants
D:6:      layout_loops_ring, serial_shops, nicolae_shop_overgrown_old_shop,
          hangedman_abyss_or_decor_slice
D:7:      layout_basic
D:8:      layout_loops_corners, nicolae_tso_besieged_by_evil, kennysheep_mini,
          eat_drink_and_be_merry_uskayaw, uniq_maurice
D:9:      layout_long_grid, lemuel_crystal_altar, lemuel_crystal_altar,
          minivault_16
D:10:     layout_roguey, david_lair_shrubbed, orc_david_3, grunt_decor_clamped
D:11:     layout_irregular_city
D:12:     layout_cave_pools
D:13:     layout_roguey, uniq_sonja
D:14:     layout_basic, grunt_vaults_entry_fortified, minmay_pinched_square,
          uniq_louise, uniq_snorg
D:15:     grunt_enter_depths_magical_seal, layout_grid_maze,
          lemuel_crystal_altar, uniq_roxanne
Lair:1:   layout_cave_pods, kennysheep_snail_temple
Lair:2:   layout_misc_corridors
Lair:3:   layout_cellular_growth
Lair:4:   layout_roguey, skrybe_swamp_entry_bodies,
          minmay_shoals_entry_centaurs, minmay_hedge_maze,
          infiniplex_staircase_pool, uniq_urug
Lair:5:   layout_regular_city
Lair:6:   wormcave, layout_cave_pods, guppyfry_lair_end_dragon, slime_altar_1,
          portal_ice_cave_entry_imps, chequers_serial_rivers_large_a,
          chequers_serial_rivers_micro_c, gammafunk_lair_bear_cave
Swamp:1:  gammafunk_sealed_arena, layout_basic_swamp,
          evilmike_swamp_ruin_house_1
Swamp:2:  layout_basic_swamp, evilmike_swamp_ruin_rubble_2, swamp_pool5
Swamp:3:  layout_basic_swamp, evilmike_swamp_ruin_house_6, swamp_pool5,
          nicolae_swamp_fairy_circle
Swamp:4:  swamp, layout_basic_swamp
Shoals:1: layout_shoals, nicolae_shoals_kraken_intersection, uniq_josephine
Shoals:2: layout_shoals
Shoals:3: layout_shoals, gammafunk_ghost_necromancy
Shoals:4: shoals_end_hangedman, layout_shoals, nicolae_shoals_circle_sea_wall,
          uniq_donald
Orc:1:    layout_caves, basic_altar, elf_legates
Orc:2:    grunt_orc_community_town_hall, layout_caves,
          grunt_orc_community_big_house_2, grunt_orc_community_big_house_2,
          grunt_orc_community_house_3, grunt_orc_community_house_2,
          grunt_orc_community_house_1, grunt_orc_community_house_2,
          grunt_orc_community_house_2, grunt_orc_community_house_1
Elf:1:    layout_rooms, evilmike_minifort
Vaults:1: v_misc_23, v_misc_30, nicolae_vaults_hallways_thing,
          nicolae_vaults_diagonal_hallway_7, vaults_room_hallway,
          ontoclasm_vaults_loading_screen, vaults_mumra_hex,
          ontoclasm_vaults_twist, layout_vaults_omnigrid
Vaults:2: nicolae_vaults_windows_and_doors_thing, nicolae_vaults_circle_grid_a,
          vaults_mumra_lcd, nicolae_vaults_circle_grid_a, vaults_room_corners,
          nicolae_vaults_border_crossing, layout_vaults_big_room
Vaults:3: vaults_door_vault, v_rooms_6, vaults_room_semicircle, v_misc_18,
          vaults_room_fours, ontoclasm_vaults_ring_large,
          dpeg_vaults_monster_box, ontoclasm_vaults_pinch, vaults_room_grid,
          minmay_crypt_entry_simple_plaza, nicolae_vaults_network_star,
          v_pattern_2, v_misc_17, layout_vaults_omnibox
Vaults:4: vaults_room_ringed_pool, hangedman_vaults_stream, v_alt_pattern_3,
          v_pattern_1, nicolae_vaults_rhombus_7, hangedman_vaults_slice,
          hangedman_vaults_stagger, st_eye, nicolae_vaults_theta,
          hangedman_vaults_stitches, ontoclasm_vaults_spin, v_misc_19,
          layout_vaults_big_cross, uniq_sojobo, uniq_boris
Vaults:5
Depths:1: layout_twisted_cross, nicolae_trove_entry_free_sample, pf_coc_iceberg,
          minmay_misc_feat_room, door_vault, minmay_shoptagon
Abyss:3:  base: D:9, evilmike_abyss_exit_chaos

Skill      XL: |  1  2  3  4  5  6  7  8  9 10 11 12 13 14 15 16 17 18 19 20 |
---------------+-------------------------------------------------------------+-----
Armour         | 4 5 7 9 10 12 14 16 17 19 20 21 | 21.2
Dodging        | 1 2 4 5 6 8 9 10 11 14 18 20 | 20.3
Axes           | 3 4 5 |  5.7
Shields        | 4 5 7 9 10 11 12 | 12.0
Fighting       | 4 6 8 13 16 | 16.0
Maces & Flails | 4 7 9 10 12 13 | 13.5
Invocations    | 2 5 6 9 11 12 | 12.0
Slings         | 3 8 9 12 | 12.0
Polearms       | 2 |  2.8
Evocations     | 4 8 |  8.0

Action                   |  1- 3 |  4- 6 |  7- 9 | 10-12 | 13-15 | 16-18 | 19-21 || total
-------------------------+-------+-------+-------+-------+-------+-------+-------++-------
Melee: War axe           |    65 |   112 |       |       |       |       |       ||   177
       Headbutt          |     4 |    24 |    69 |   199 |   593 |   769 |   604 ||  2262
       Whip              |       |    15 |   264 |       |       |       |       ||   279
       Mace              |       |       |   103 |   558 |  1544 |  2152 |  1392 ||  5749
       Unarmed           |       |       |     1 |       |       |       |       ||     1
       Demon trident     |       |       |       |       |       |     8 |       ||     8
       Hunting sling     |       |       |       |       |       |     2 |       ||     2
 Fire: Hunting sling     |       |       |       |       |    79 |   269 |       ||   348
Invok: Draw Destruction  |       |       |     5 |    13 |    37 |    35 |    20 ||   110
       Draw Escape       |       |       |     1 |       |       |       |     6 ||     7
       Draw Summoning    |       |       |       |     4 |     2 |     5 |     4 ||    15
       Stack Five        |       |       |       |     1 |       |       |       ||     1
       Draw Stack        |       |       |       |       |     1 |       |     2 ||     3
       Deal Four         |       |       |       |       |       |     3 |     4 ||     7
Evoke: Wand              |       |       |       |       |       |     2 |     4 ||     6
  Use: Scroll            |       |     2 |     9 |    13 |     5 |    11 |     4 ||    44
       Potion            |       |       |       |       |     1 |     5 |     6 ||    12
 Stab: Confused          |       |       |       |     2 |       |     3 |       ||     5
       Distracted        |       |       |       |       |       |     2 |       ||     2
       Invisible         |       |       |       |       |       |       |     1 ||     1
Armor: Scale mail        |    37 |    25 |       |       |       |       |       ||    62
       Chain mail        |       |    29 |    66 |       |   610 |   688 |   213 ||  1606
       Plate armour      |       |       |    47 |   222 |     1 |       |       ||   270
Dodge: Dodged            |    28 |    46 |    69 |   181 |   637 |  1261 |   600 ||  2822
Block: Kite shield       |    44 |    69 |   167 |   415 |  1674 |  2366 |  1119 ||  5854
       Reflection        |       |       |       |     2 |    78 |    90 |    72 ||   242

Table legend: (Time is in decaauts)
 A = Elapsed time spent in this place.
 B = Non-inter-level travel time spent in this place.
 C = Inter-level travel time spent in this place.
 D = Time resting spent in this place.
 E = Time spent auto-exploring this place.
 F = Levels seen in this place.
 G = Mean time per level.
                   A        B        C        D        E       F      G
               +--------+--------+--------+--------+--------+-----+--------+
         Total |  48060 |  44196 |   3864 |   9324 |  23913 |  40 | 1201.5 |
       Dungeon |  18756 |  16801 |   1955 |   3142 |  10470 |  15 | 1250.4 |
          Lair |   6974 |   5968 |   1006 |    514 |   4282 |   6 | 1162.3 |
         Swamp |   4390 |   4256 |    134 |   1326 |   1543 |   4 | 1097.5 |
        Shoals |   5227 |   5005 |    222 |   1599 |   1931 |   4 | 1306.8 |
  Orcish Mines |   2054 |   1818 |    236 |    289 |    983 |   2 | 1027.0 |
   Elven Halls |     14 |     14 |      0 |      0 |      0 |   1 |   14.0 |
        Vaults |   8094 |   7786 |    308 |   1713 |   3737 |   5 | 1618.8 |
        Depths |    205 |    205 |      0 |     58 |     73 |   1 |  205.0 |
         Abyss |    449 |    449 |      0 |    120 |     91 |   1 |  449.0 |
      Ice Cave |   1893 |   1893 |      0 |    563 |    801 |   1 | 1893.0 |
               +--------+--------+--------+--------+--------+-----+--------+

Top non-repeatable levels by time:
Vaults:3: 3009 daAuts
Shoals:3: 1899 daAuts
   IceCv: 1893 daAuts
Vaults:1: 1873 daAuts
     D:4: 1744 daAuts
Vaults:4: 1734 daAuts
    D:14: 1684 daAuts
  Lair:6: 1576 daAuts
     D:2: 1556 daAuts
Shoals:1: 1491 daAuts
     D:5: 1469 daAuts
Vaults:2: 1468 daAuts
    D:15: 1408 daAuts
     D:7: 1376 daAuts
     D:3: 1305 daAuts
